 Dungeon Crawl Stone Soup version 0.21.1-1-g345015f (webtiles) character file.

7169 Labyrinth the Cleaver (level 10, 0/90 HPs)
             Began as a Minotaur Berserker on July 26, 2018.
             Was a High Priest of Trog.
             Slain by a killer bee (6 damage)
             ... on level 8 of the Dungeon.
             The game lasted 00:42:50 (6488 turns).

Labyrinth the Cleaver (Minotaur Berserker)          Turns: 6488, Time: 00:42:50

Health: 0/90       AC: 11    Str: 24    XL:     10   Next: 86%
Magic:  9/9        EV: 15    Int:  4    God:    Trog [*****.]
Gold:   487        SH:  0    Dex: 16    Spells: 9/9 levels left

rFire    . . .     SeeInvis +   p - +4 hand axe (vamp)
rCold    . . .     Gourm    .   (no shield)
rNeg     . . .     Faith    .   o - +0 ring mail
rPois    .         Spirit   .   (helmet restricted)
rElec    .         Reflect  .   g - +1 cloak
rCorr    .         Harm     .   E - +0 pair of gloves
MR       ++...                  H - +0 pair of boots
Stlth    +.........             (no amulet)
HPRegen  1.25/turn              m - +5 ring of dexterity
MPRegen  0.11/turn              l - ring of see invisible

@: lethally poisoned (0 -> 0), regenerating
A: retaliatory headbutt, horns 2
a: Berserk, Trog's Hand, Brothers in Arms, Burn Spellbooks, Renounce Religion


You were on level 8 of the Dungeon.
You worshipped Trog.
Trog was extremely pleased with you.
You were hungry.

You visited 1 branch of the dungeon, and saw 8 of its levels.

You collected 487 gold pieces.

Inventory:

Hand Weapons
 a - a +1 mace
 k - a +0 hunting sling
 p - a +4 vampiric hand axe (weapon)
 u - a +2 hand crossbow of freezing
 v - a +0 flail of draining
 y - a +0 war axe
 K - a +0 trident
 M - a +0 morningstar
Missiles
 f - 80 sling bullets
 i - 168 stones
 G - 5 poisoned javelins (quivered)
 L - 2 javelins of penetration
Armour
 g - a +1 cloak (worn)
 o - a +0 ring mail (worn)
 E - a +0 pair of gloves (worn)
 H - a +0 pair of boots (worn)
Jewellery
 l - a ring of see invisible (right hand)
 m - a +5 ring of dexterity (left hand)
 s - an uncursed ring of resist corrosion
 x - an uncursed ring of positive energy
Wands
 C - a wand of random effects (24)
 J - a wand of digging (17)
 O - a wand of enslavement (14)
Scrolls
 b - a scroll of fear
 n - 5 scrolls of remove curse
 r - 2 scrolls of immolation
 w - 2 scrolls of teleportation
 N - a scroll of summoning {unknown}
Potions
 e - 2 potions of agility
 h - a potion of lignification
 j - a potion of brilliance
 q - a potion of cancellation
 t - 2 potions of haste
 z - 2 potions of curing
 A - a potion of resistance
 F - 5 potions of might
 I - a potion of berserk rage {unknown}
 P - a potion of flight {unknown}
Comestibles
 c - 11 rations
 D - 3 chunks of flesh


   Skills:
 + Level 8.8 Fighting
 + Level 11.3(11.6) Axes
 + Level 4.3(8.5) Maces & Flails
 + Level 8.6 Throwing
 + Level 7.0 Armour
 + Level 6.1 Dodging
 + Level 2.2 Stealth


You had 9 spell levels left.
You didn't know any spells.

Dungeon Overview and Level Annotations

Branches:
Dungeon (8/15)             Temple (0/1) D:7
   Lair: D:8-11

Altars:
Kikubaaqudgha
Nemelex Xobeh
Okawaru
Trog
Xom
Yredelemnul

Annotations:
D:8 Maurice


Innate Abilities, Weirdness & Mutations

You reflexively headbutt those who attack you in melee.
You have a pair of horns on your head.


Message History

* * * LOW HITPOINT WARNING * * *
Okay, then.
Your skin crawls.
You feel resistant to hostile enchantments.
You feel somewhat more hungry.
The killer bee stings you but does no damage.
The killer bee stings you.
* * * LOW HITPOINT WARNING * * *
The killer bee closely misses you. You furiously retaliate!
You headbutt the killer bee, but do no damage.
The killer bee stings you but does no damage.
The killer bee closely misses you.
Your deep troll bites the jelly!!
The jelly dies!
Trog accepts your kill. The killer bee barely misses you.
You furiously retaliate!
You headbutt the killer bee!
You kill the killer bee!
Trog accepts your kill. The killer bee stings you.
You die...

#)........#
####...##.#
#.........#
#....#.##.#
#.........#
#.####.##.#
###.........# ####.#
#..#.# ...((.......#
#....# ##.#.#
.###.:(......# #.####
#.#.# .............#
#.##### #....
#..†y†.yT(y####.....#
##..#
#.#....y@y.@...#....#
#.>#
#.......yy##.#....#
####
##..+##.#.##.#....# #
#.#....#.##......#
#..<...+.####....#
#......### #....#
..#.$..# #....#
#....# ###


You could see Maurice (invisible), 7 killer bees and a friendly deep troll
(berserk).

Vanquished Creatures
  A two-headed ogre (D:8)
  The ghost of Curus the Carver, a novice MiGl of Makhleb (D:7)
  2 hippogriffs (D:8)
  Sigmund (D:3)
  2 humans (D:7)
  Eustachio (D:6)
  2 hungry ghosts (D:7)
  Edmund (D:4)
  Menkaure (D:4)
  3 orc warriors (D:7)
  A sky beast (D:6)
  3 ogres
  A phantom (D:7)
  2 black bears (D:6)
  An ice beast (D:8)
  A necrophage (D:8)
  3 centaurs
  A big kobold (D:8)
  A bullfrog (D:7)
  A gnoll sergeant (D:6)
  2 scorpions
  The ghost of dscm the Chopper, a weakling HOMo (D:3)
  22 killer bees
  3 howler monkeys
  5 crimson imps
  A bullfrog zombie (D:6)
  A centaur zombie (D:7)
  3 jellies
  2 quasits
  The ghost of dscm the Scratcher, a weakling FeFi (D:4)
  4 hounds
  A bullfrog skeleton (D:7)
  9 orc priests
  7 orc wizards
  4 iguanas
  4 worker ants
  A hound zombie (D:6)
  A hound skeleton (D:4)
  A worker ant zombie (D:3)
  Robin (D:3)
  14 adders
  10 gnolls
  An ooze (D:4)
  An adder zombie (D:7)
  2 worms (D:2)
  2 dart slugs
  9 leopard geckos
  31 orcs
  10 bats
  A giant cockroach (D:1)
  11 goblins
  14 hobgoblins
  6 jackals
  3 quokkas
  7 frilled lizards
  A jackal skeleton (D:4)
  17 kobolds
  A leopard gecko skeleton (D:7)
  2 quokka zombies (D:5)
  9 rats
  A withered plant (D:8)
257 creatures vanquished.

Vanquished Creatures (collateral kills)
  A queen bee (D:8)
  A jelly (D:8)
2 creatures vanquished.

Vanquished Creatures (others)
  A withered plant (D:8)
1 creature vanquished.

Grand Total: 260 creatures vanquished

Notes
Turn   | Place    | Note
-------+----------+-------------------------------------------
     0 | D:1      | Labyrinth the Minotaur Berserker began the quest for the Orb.
     0 | D:1      | Reached XP level 1. HP: 19/19 MP: 0/0
   241 | D:1      | Reached XP level 2. HP: 27/27 MP: 1/1
   491 | D:1      | Reached XP level 3. HP: 30/33 MP: 2/2
   532 | D:1      | Reached ** piety under Trog
   651 | D:1      | Reached skill level 1 in Axes
  1461 | D:2      | Reached skill level 2 in Axes
  1609 | D:2      | Reached XP level 4. HP: 41/41 MP: 3/3
  1901 | D:3      | Found a faded altar of an unknown god.
  1956 | D:3      | Reached skill level 3 in Axes
  2014 | D:3      | Reached XP level 5. HP: 38/47 MP: 4/4
  2145 | D:3      | Noticed dscm's ghost (weakling HOMo)
  2153 | D:3      | Killed dscm's ghost
  2153 | D:3      | Reached skill level 1 in Throwing
  2164 | D:3      | Reached *** piety under Trog
  2174 | D:3      | Noticed Sigmund
  2222 | D:3      | Killed Sigmund
  2222 | D:3      | Reached skill level 5 in Fighting
  2222 | D:3      | Reached skill level 4 in Axes
  2222 | D:3      | Reached XP level 6. HP: 56/56 MP: 5/5
  2308 | D:3      | Found a basalt altar of Yredelemnul.
  2452 | D:3      | Noticed Robin
  2457 | D:3      | Killed Robin
  2529 | D:3      | Found a shimmering altar of Xom.
  2676 | D:3      | Received a gift from Trog
  2926 | D:4      | Reached skill level 5 in Axes
  2935 | D:4      | Reached XP level 7. HP: 59/61 MP: 6/6
  2940 | D:4      | Noticed dscm's ghost (weakling FeFi)
  2952 | D:4      | Reached skill level 1 in Stealth
  2955 | D:4      | Killed dscm's ghost
  3144 | D:4      | Noticed Menkaure
  3148 | D:4      | Killed Menkaure
  3173 | D:4      | Noticed Edmund
  3182 | D:4      | Killed Edmund
  3182 | D:4      | Reached skill level 6 in Axes
  3243 | D:4      | Reached **** piety under Trog
  3340 | D:4      | Reached XP level 8. HP: 70/70 MP: 7/7
  3393 | D:4      | You fall through a shaft!
  3393 | D:5      | Entered Level 5 of the Dungeon
  3586 | D:4      | Found a bloodstained altar of Trog.
  4183 | D:5      | Reached skill level 7 in Axes
  4183 | D:5      | Reached skill level 5 in Throwing
  4578 | D:6      | Reached skill level 5 in Armour
  4689 | D:6      | Noticed Eustachio
  4696 | D:6      | Killed Eustachio
  4699 | D:6      | Found a bloodstained altar of Trog.
  4706 | D:6      | Reached skill level 8 in Axes
  4706 | D:6      | Reached XP level 9. HP: 78/78 MP: 8/8
  4764 | D:6      | Received a gift from Trog
  5243 | D:7      | Found a staircase to the Ecumenical Temple.
  5253 | D:7      | Reached ***** piety under Trog
  5422 | D:7      | Reached skill level 9 in Axes
  5422 | D:7      | Reached skill level 5 in Dodging
  5439 | D:7      | Found an iron altar of Okawaru.
  5464 | D:7      | Received a gift from Trog
  5488 | D:7      | Noticed Curus's ghost (novice MiGl)
  5501 | D:7      | Killed Curus's ghost
  5501 | D:7      | Reached XP level 10. HP: 77/88 MP: 9/9
  5575 | D:7      | Reached skill level 10 in Axes
  5723 | D:7      | Found a sparkling altar of Nemelex Xobeh.
  6068 | D:8      | Noticed a two-headed ogre
  6077 | D:8      | Killed a two-headed ogre
  6112 | D:8      | Found an ancient bone altar of Kikubaaqudgha.
  6429 | D:8      | Reached skill level 11 in Axes
  6468 | D:8      | Noticed Maurice
  6470 | D:8      | Received a gift from Trog
  6488 | D:8      | Slain by a killer bee

Skill      XL: |  1  2  3  4  5  6  7  8  9 10 |
---------------+-------------------------------+-----
Maces & Flails | 4 |  4.3
Fighting       | 4 5 6 7 8 |  8.8
Axes           | 2 3 4 5 6 8 9 11 | 11.3
Throwing       | 1 2 4 6 7 8 |  8.6
Dodging        | 3 4 5 6 |  6.1
Armour         | 3 4 5 6 7 |  7.0
Stealth        | 1 2 |  2.2

Action                   |  1- 3 |  4- 6 |  7- 9 | 10-12 || total
-------------------------+-------+-------+-------+-------++-------
Melee: Hand axe          |    92 |    88 |   195 |   114 ||   489
       Headbutt          |    12 |    16 |    46 |    28 ||   102
Throw: Stone             |    14 |    52 |    20 |     1 ||    87
       Tomahawk          |       |    11 |       |       ||    11
       Javelin           |       |     6 |    82 |    34 ||   122
Invok: Berserk           |       |     3 |     5 |     1 ||     9
       Burn Spellbooks   |       |       |     1 |     1 ||     2
       Trog's Hand       |       |       |       |     1 ||     1
       Brothers in Arms  |       |       |       |     1 ||     1
  Use: Scroll            |     4 |     5 |     5 |     2 ||    16
       Potion            |     2 |     2 |     2 |       ||     6
 Stab: Sleeping          |       |       |     2 |       ||     2
  Eat: Ration            |     2 |       |     1 |     1 ||     4
       Chunk             |     1 |     6 |    10 |     2 ||    19
Armor: Animal skin       |    20 |       |       |       ||    20
       Leather armour    |     2 |    15 |       |       ||    17
       Ring mail         |       |     3 |    72 |    46 ||   121
Dodge: Dodged            |    85 |    47 |    86 |   115 ||   333
